 Dungeon Crawl Stone Soup version 0.23.2-30-g0e89c35649 (webtiles) character file.

Game seed: 251699209289489513

1488 lepoulpe303 the Grave Robber (level 8, -7/72 HPs)
             Began as a Deep Dwarf Necromancer on June 21, 2019.
             Was an Initiate of Makhleb.
             Mangled by a hornet (15 damage)
             ... while paralysed by a hornet
             ... on level 7 of the Dungeon.
             The game lasted 00:37:08 (7268 turns).

lepoulpe303 the Grave Robber (DDNe)                 Turns: 7268, Time: 00:37:08

Health: -7/72      AC:  5    Str: 12    XL:     8   Next: 51%
Magic:  3/12       EV:  2    Int: 18    God:    Makhleb [......]
Gold:   316        SH:  0    Dex: 13    Spells: 2/13 levels left

rFire    . . .     SeeInvis .   a - +4 dagger
rCold    . . .     Gourm    +   (no shield)
rNeg     . . .     Faith    .   x - +0 leather armour
rPois    .         Spirit   .   r - +2 hat
rElec    .         Reflect  .   (no cloak)
rCorr    .         Harm     .   (no gloves)
MR       +....                  (no boots)
Stlth    +++.......             f - amulet of the gourmand
HPRegen  0.00/turn              (no ring)
MPRegen  0.13/turn              (no ring)

@: paralysed, very slightly contaminated, non-regenerating, slowed
A: damage resistance, heal wounds, sense surroundings 1, no regeneration
a: Heal Wounds, Renounce Religion


You were on level 7 of the Dungeon.
You worshipped Makhleb.
Makhleb was noncommittal.
You were not hungry.

You visited 2 branches of the dungeon, and saw 8 of its levels.

You collected 316 gold pieces.

Inventory:

Hand Weapons
 a - a +4 dagger (weapon)
 b - a +1 dagger of venom
 s - a cursed -3 dagger
Missiles
 g - 4 javelins (quivered)
 u - 29 poisoned needles
 y - 10 tomahawks
 Q - 244 stones
Armour
 r - a +2 hat (worn)
 x - a +0 leather armour (worn)
 A - the +1 ring mail of Protective Custody {rPois rN+}
   (You found it on level 4 of the Dungeon)

   It protects you from poison.
   It protects you from negative energy.
Jewellery
 f - an amulet of the gourmand (around neck)
 m - an uncursed amulet of faith {Faith, !P}
Wands
 z - a wand of acid (5)
 B - a wand of flame (16)
Scrolls
 d - a scroll of fear {unknown}
 i - 6 scrolls of identify
 l - 2 scrolls of enchant armour {unknown}
 o - a scroll of amnesia {unknown}
 p - 2 scrolls of fog {unknown}
 t - 2 scrolls of magic mapping {!r}
 v - 2 scrolls of teleportation {unknown}
 w - 3 scrolls of remove curse
Potions
 c - a potion of haste {unknown}
 h - a potion of mutation {!q}
 j - 2 potions of ambrosia
 k - a potion of heal wounds {unknown}
 n - a potion of resistance
 q - a potion of curing
Comestibles
 e - 6 rations


   Skills:
 * Level 4.3 Fighting
 + Level 2.7 Short Blades
 + Level 1.7 Armour
 + Level 4.2 Dodging
 * Level 6.7 Stealth
 + Level 3.2 Spellcasting
 * Level 6.8 Necromancy
 + Level 1.6 Translocations


You had 2 spell levels left.
You knew the following spells:

 Your Spells              Type           Power        Failure   Level  Hunger
a - Pain                  Necr           ####         1%          1    None
b - Animate Dead          Necr           N/A          12%         4    ####...
c - Blink                 Tloc           N/A          16%         2    ##.....
x - Vampiric Draining     Necr           ####......   3%          3    ###....
A - Animate Skeleton      Necr           N/A          1%          1    None

Your spell library contained the following spells:

 Spells                   Type           Power        Failure   Level  Hunger
 Magic Dart               Conj           #...         21%         1    None
 Call Imp                 Summ           #.......     30%         2    ##.....
 Slow                     Hex            #.......     30%         2    ##.....
 Conjure Flame            Conj/Fire      #.......     52%         3    ###....
 Mephitic Cloud           Conj/Pois/Air  #.......     52%         3    ###....
 Regeneration             Chrm/Necr      Unusable     N/A         3    N/A

Dungeon Overview and Level Annotations

Branches:
Dungeon (7/15)             Temple (1/1) D:5

Altars:
Ashenzari
Dithmenos
Fedhas
Hepliaklqana
Makhleb
Nemelex Xobeh
Okawaru
Uskayaw
Vehumet
Wu Jian
Xom
Yredelemnul
Zin
The Shining One

Annotations:
D:4 Grinder


Innate Abilities, Weirdness & Mutations

You are resistant to damage.
You can heal yourself by infusing magical energy.
You passively map a small area around you.
You do not regenerate.


Message History

The hornet stings you!
* * * LOW HITPOINT WARNING * * *
You are more poisoned.
You feel as though you will be slow longer.
The hornet stings you.
* * * LOW HITPOINT WARNING * * *
You feel as though you will be slow longer.
You take 15 damage, and have 11/72 hp.
MASSIVE DAMAGE!!
You now have 4/12 mp.
You blink.
* * * LOW MAGIC WARNING * * *
You now have 2/12 mp.
You feel better. The hornet misses you. The hornet stings you.
You suddenly lose the ability to move!
The hornet stings you!
* * * LOW HITPOINT WARNING * * *
You feel as though you will be slow longer.
The hornet stings you!
You die...

#.........#* #.#[.....
#....?....)# #.#...... *
#..........# ####.#######
, +..........#
#......#####
#..........###.##.#......
###+#.............#......
*,* *
#..........##.#...... ,
,#..y.......####...... ,
,#...@......'..'......
##.........####......
*,*#....#.#..# #......
#....._...# #./.... * ,
#....#.#..# #......
*#.........# #...... ,, *
########### #...... ** *
* ####### * * * ,


You could see a hornet.

Levels and vault maps discovered:
D:1:      tarquinn_simple_flora_water_e, layout_basic, serial_glass,
          glass_columns_b, glass_columns_b
D:2:      wad_crossroads, layout_loops_ring, lemuel_doored_altar, first_ration,
          hangedman_abyss_or_decor_stabs, grunt_ministairs_13
D:3:      layout_rooms, kennysheep_generic_room_11
D:4:      minmay_thinvault, layout_rooms, ashenzari_altar_1, uniq_grinder,
          uniq_purgy
D:5:      layout_gridville, overflow_temple_1_default,
          minmay_temple_entry_offerings
D:6:      layout_loops_ring, lemuel_crystal_altar,
          gammafunk_temple_overflow_claw
D:7:      layout_basic, lemuel_crystal_altar
Temple:   nicolae_temple_god_jail

Notes
Turn   | Place    | Note
-------+----------+-------------------------------------------
     0 | D:1      | lepoulpe303 the Deep Dwarf Necromancer began the quest for
                  | the Orb.
     0 | D:1      | Reached XP level 1. HP: 15/15 MP: 3/3
   122 | D:1      | Identified a +4 dagger
   129 | D:1      | Identified a cursed -1 whip
   188 | D:1      | Identified a +0 club
   191 | D:1      | Identified a +0 club
   209 | D:1      | Reached XP level 2. HP: 19/24 MP: 0/4
   212 | D:1      | Learned a level 1 spell: Animate Skeleton
   371 | D:1      | Identified a +0 club
   416 | D:1      | Identified a +0 short sword
   580 | D:1      | Identified a +0 club
   592 | D:1      | Identified a +0 club
   592 | D:1      | Identified a +0 club
   610 | D:1      | Identified a +0 short sword
   612 | D:1      | Reached skill level 3 in Stealth
   621 | D:1      | Reached skill level 2 in Spellcasting
   833 | D:2      | Identified a +0 club
   833 | D:2      | Identified a +0 dagger
   834 | D:2      | Reached skill level 1 in Fighting
   834 | D:2      | Reached XP level 3. HP: 22/31 MP: 4/6
   842 | D:1      | Learned a level 3 spell: Vampiric Draining
   916 | D:2      | Identified a +0 dagger
   924 | D:2      | Found an ornate altar of the Wu Jian Council.
   971 | D:2      | Identified 2 scrolls of identify
   971 | D:2      | Identified an amulet of faith (You found it on level 2 of
                  | the Dungeon)
   986 | D:2      | Identified a +0 club
  1031 | D:2      | Identified a +1 dagger of venom
  1152 | D:2      | Identified a +0 club
  1180 | D:2      | Identified a +2 hat (You found it on level 2 of the
                  | Dungeon)
  1263 | D:2      | Identified a +0 club
  1265 | D:2      | Identified a cursed +0 flail
  1265 | D:2      | Identified a +1 hunting sling of freezing
  1265 | D:2      | Identified a +0 robe
  1784 | D:2      | Identified a cursed -2 shortbow
  1784 | D:2      | Noticed a centaur
  1793 | D:2      | HP: 7/31 [centaur (1)]
  1794 | D:2      | Killed a centaur
  1794 | D:2      | Reached skill level 1 in Short Blades
  1794 | D:2      | Reached skill level 5 in Necromancy
  1794 | D:2      | Reached XP level 4. HP: 7/39 MP: 0/7
  1794 | D:2      | Reached XP level 5. HP: 8/45 MP: 0/8
  2139 | D:2      | Identified a +0 dagger
  2262 | D:2      | Identified a +0 club
  2381 | D:3      | Identified a +0 club
  2381 | D:3      | Identified a +0 leather armour
  2381 | D:3      | Identified a +0 trident
  2381 | D:3      | Identified a +0 ring mail
  2385 | D:3      | HP: 8/45 [orc priest/divine providence (15)]
  2454 | D:3      | Identified a +0 short sword
  2454 | D:3      | Identified a +0 club
  2454 | D:3      | Identified a +0 dagger
  2463 | D:2      | Reached skill level 4 in Stealth
  2545 | D:3      | Reached skill level 2 in Fighting
  2686 | D:3      | Identified a +0 dagger
  2686 | D:3      | Identified a +0 club
  3075 | D:3      | Identified a +0 whip
  3075 | D:3      | Identified a +0 leather armour
  3095 | D:3      | Identified a cursed -3 club
  3269 | D:3      | Identified a +0 hand axe
  3341 | D:3      | Identified a +2 hand axe of freezing
  3345 | D:3      | Reached skill level 3 in Dodging
  3672 | D:4      | Identified a +0 flail
  3672 | D:4      | Identified a +0 chain mail
  3826 | D:4      | Reached XP level 6. HP: 38/55 MP: 0/9
  3937 | D:4      | Identified a +0 falchion
  3938 | D:4      | Identified a +0 leather armour
  4347 | D:4      | Noticed a hippogriff
  4355 | D:4      | Identified a +0 hand axe
  4435 | D:4      | Learned a level 4 spell: Animate Dead
  4561 | D:4      | Found a shattered altar of Ashenzari.
  4591 | D:4      | Identified a cursed +0 helmet (You found it on level 4 of
                  | the Dungeon)
  4591 | D:4      | Identified 3 scrolls of magic mapping
  4592 | D:4      | Identified 3 scrolls of remove curse
  4635 | D:4      | Identified a +0 dagger
  4687 | D:4      | Got a crude ring mail
  4692 | D:4      | Identified a +0 club
  4701 | D:4      | Noticed Purgy
  4728 | D:4      | Killed Purgy
  4728 | D:4      | Reached skill level 3 in Fighting
  4728 | D:4      | Reached skill level 5 in Stealth
  4728 | D:4      | Reached XP level 7. HP: 59/62 MP: 10/10
  4800 | D:4      | Noticed Grinder
  4817 | D:3      | Reached skill level 2 in Short Blades
  4938 | D:4      | Killed a hippogriff
  4938 | D:4      | Reached skill level 6 in Necromancy
  5126 | D:3      | Identified 2 potions of curing
  5127 | D:3      | Identified a potion of ambrosia
  5128 | D:3      | Identified a potion of mutation
  5129 | D:3      | Identified a potion of resistance
  5140 | D:3      | Identified the +1 ring mail of Protective Custody {rPois
                  | rN+} (You found it on level 4 of the Dungeon)
  5146 | D:5      | Entered Level 5 of the Dungeon
  5154 | D:5      | Found a hide-covered altar of Uskayaw.
  5171 | D:5      | Found a staircase to the Ecumenical Temple.
  5189 | Temple   | Entered the Ecumenical Temple
  5203 | Temple   | Learned a level 2 spell: Blink
  5217 | Temple   | lepoulpe303: !whichgod ddne
  5217 | Temple   | meem: 27 recent wins for ddne: 21x Makhleb, 3x Ru,
                  | Ashenzari, Cheibriados, Nemelex Xobeh
  5218 | Temple   | Became a worshipper of Makhleb the Destroyer
  5246 | D:5      | Identified a +0 giant club
  5521 | D:5      | Identified a +0 shortbow
  5529 | D:5      | Reached skill level 6 in Stealth
  5529 | D:5      | Reached skill level 3 in Spellcasting
  5666 | D:5      | Reached XP level 8. HP: 60/72 MP: 12/12
  5747 | D:5      | Reached skill level 1 in Armour
  6008 | D:5      | Reached skill level 4 in Dodging
  6151 | D:6      | Identified an amulet of the gourmand (You found it on level
                  | 6 of the Dungeon)
  6174 | D:6      | Found a sparkling altar of Nemelex Xobeh.
  6174 | D:6      | Found a blossoming altar of Fedhas.
  6174 | D:6      | Found a glowing silver altar of Zin.
  6221 | D:6      | Reached skill level 1 in Translocations
  6353 | D:6      | Identified a +1 hat (You found it on level 6 of the
                  | Dungeon)
  6561 | D:6      | Found a hazy altar of Hepliaklqana.
  6843 | D:7      | Reached skill level 4 in Fighting
  6950 | D:7      | Found a glowing golden altar of the Shining One.
  6953 | D:7      | Noticed a hornet
  7262 | D:7      | Paralysed by a hornet for 2 turns
  7264 | D:7      | HP: 15/72 [hornet (5)]
  7267 | D:7      | Paralysed by a hornet for 2 turns
  7268 | D:7      | Mangled by a hornet

Table legend:
 A = Turns spent in this place as a percentage of turns spent in the entire game.
 B = Non-inter-level travel turns spent in this place as a percentage of non-inter-level travel turns spent in the entire game.
 C = Inter-level travel turns spent in this place as a percentage of turns spent in this place.
 D = Turns resting spent in this place as a percentage of non-inter-level travel turns spent in this place.
 E = Turns spent auto-exploring this place as a percentage of non-inter-level travel turns spent in this place.
 F = Non-inter-level travel turns spent in this place divided by the number of levels of this place that you've seen.
                   A       B       C       D       E      F
               +-------+-------+-------+-------+-------+----------------------
         Total | 100.0 | 100.0 |   2.9 |  29.4 |  45.3 | 881.9
       Dungeon |  99.4 |  99.4 |   2.9 |  29.6 |  45.4 | 1002.1
        Temple |   0.6 |   0.6 |   0.0 |   0.0 |  20.0 |  40.0
               +-------+-------+-------+-------+-------+----------------------

Table legend:
 A = Kills in this place as a percentage of kills in entire the game.
 B = Kills by you in this place as a percentage of kills by you in the entire game.
 C = Kills by friends in this place as a percentage of kills by friends in the entire game.
 D = Other kills in this place as a percentage of other kills in the entire game.
 E = Experience gained in this place as a percentage of experience gained in the entire game.
 F = Experience gained in this place divided by the number of levels of this place that you have seen.
                   A       B       C       D       E      F
               +-------+-------+-------+-------+-------+----------------------
         Total | 100.0 | 100.0 | 100.0 |   N/A | 100.0 | 265.8
       Dungeon | 100.0 | 100.0 | 100.0 |   N/A | 100.0 | 303.7
               +-------+-------+-------+-------+-------+----------------------

Skill      XL: |  1  2  3  4  5  6  7  8 |
---------------+-------------------------+-----
Stealth        | 3 4 5 6 |  6.7
Spellcasting   | 2 3 |  3.2
Fighting       | 1 2 3 4 |  4.3
Short Blades   | 1 2 |  2.7
Necromancy     | 5 6 |  6.8
Dodging        | 3 4 |  4.2
Armour         | 1 |  1.7
Translocations | 1 |  1.6

Action                   |  1- 3 |  4- 6 |  7- 9 || total
-------------------------+-------+-------+-------++-------
Melee: Dagger            |    66 |    27 |   145 ||   238
Throw: Tomahawk          |       |       |    10 ||    10
       Javelin           |       |       |     6 ||     6
 Cast: Pain              |    21 |    23 |     8 ||    52
       Animate Skeleton  |     7 |    15 |     2 ||    24
       Vampiric Draining |    13 |    42 |    27 ||    82
       Blink             |       |       |     2 ||     2
Evoke: Wand              |       |     3 |     5 ||     8
  Use: Scroll            |     1 |     2 |     5 ||     8
       Potion            |       |       |     1 ||     1
 Stab: Sleeping          |     2 |     3 |     2 ||     7
  Eat: Chunk             |     5 |    15 |    11 ||    31
       Ration            |       |       |     2 ||     2
Armor: Robe              |    19 |     8 |       ||    27
       Leather armour    |       |     7 |    34 ||    41
Dodge: Dodged            |    61 |    32 |    84 ||   177

Vanquished Creatures
  A hippogriff (D:4)
  A hungry ghost (D:7)
  Purgy (D:4)
  A sky beast (D:6)
  A phantom (D:7)
  An ogre (D:5)
  2 centaurs
  A bullfrog (D:7)
  2 howler monkeys
  A crimson imp (D:5)
  A centaur skeleton (D:5)
  3 hounds
  3 orc priests
  2 iguanas (D:4)
  3 worker ants
  5 adders
  An adder zombie (D:7)
  A worm (D:4)
  A dart slug (D:4)
  4 leopard geckos
  8 orcs
  9 bats
  5 giant cockroaches
  9 goblins
  11 hobgoblins
  9 jackals
  5 quokkas
  6 frilled lizards
  A giant cockroach zombie (D:2)
  A jackal skeleton (D:6)
  9 kobolds
  2 quokka skeletons
  A quokka zombie (D:7)
  7 rats
119 creatures vanquished.

Vanquished Creatures (collateral kills)
  An orc priest (D:4)
  A leopard gecko (D:2)
  An orc (D:4)
  A goblin (D:2)
  A ball python (D:2)
5 creatures vanquished.

Grand Total: 124 creatures vanquished
